Map: Shrines of Lizul

Players

Hoper

  • Race: Protoss Protoss
  • Spawn Location: 9:00

Арлэйз

  • Race: Terran Terran
  • Spawn Location: 6:00

PureLegacy - Winner!

  • Race: Terran Terran
  • Spawn Location: 3:00

MarineKing - Winner!

  • Race: Terran Terran
  • League: Master
  • Spawn Location: 12:00

VOD

Have the link to the VOD?

Description

Time

  • Played on: Nov. 28, 2018, 10:49 p.m.
  • Length: 3:08
Show
View Real Time Build Order
Export as new Build Order

Hoper Protoss 

Build Orders:  

Get SALT Encoding   

  1  0:00  Probe  
  13  0:07  Probe  
  14  0:16  Probe  
  15  0:23  Pylon  
  15  0:33  Assimilator  
  15  0:39  Assimilator  
  15  0:41  Probe  
  16  0:53  Probe  
  16  0:55  Gateway  
  17  1:01  Probe  
  17  1:09  Probe  
  18  1:11  Pylon  
  19  1:18  Gateway  
  19  1:22  Probe  
  20  1:34  Probe  
  20  1:39  Pylon  
  21  1:43  Gateway  
  21  1:49  Pylon  
  21  1:52  Probe  
  22  1:59  Zealot  
  22  2:00  Probe  
  24  2:08  Probe  
  26  2:18  Probe  
  26  2:30  Probe  
  26  2:38  Zealot  
  26  2:40  Zealot  
  29  2:48  Forge  
Show
View Real Time Build Order
Export as new Build Order

Арлэйз Terran 

Build Orders:  

Get SALT Encoding   

  12  0:01  SCV  
  13  0:13  SCV  
  14  0:25  SCV  
  14  0:28  Supply Depot  
  15  0:35  Refinery  
  15  0:47  Refinery  
  15  0:49  SCV  
  16  0:55  Barracks  
  16  1:04  Supply Depot  
  16  1:06  SCV  
  17  1:18  SCV  
  18  1:30  SCV  
  19  1:42  SCV  
  20  1:47  Marine, Bunker  
  21  1:54  SCV  
  22  2:10  Command Center  
  22  2:28  Barracks Reactor  
Show
View Real Time Build Order
Export as new Build Order

PureLegacy Terran - Winner!

Build Orders:  

Get SALT Encoding   

  12  0:01  SCV  
  13  0:13  SCV  
  14  0:18  Supply Depot  
  14  0:25  SCV  
  15  0:32  Refinery  
  15  0:40  SCV  
  16  0:48  Barracks  
  16  0:52  SCV  
  17  1:04  Barracks  
  17  1:17  Barracks  
  17  1:22  SCV  
  18  1:35  Reaper  
  19  1:47  Orbital Command  
  19  1:50  Refinery  
  19  1:51  Reaper  
  20  2:05  Supply Depot  
  20  2:06  Reaper  
  21  2:15  Reaper  
  22  2:16  SCV  
  23  2:27  Reaper  
  23  2:28  Supply Depot  
  24  2:30  SCV  
  25  2:43  SCV  
Show
View Real Time Build Order
Export as new Build Order

MarineKing Terran - Winner!

Build Orders:  

Get SALT Encoding   

  12  0:01  SCV  
  13  0:13  SCV  
  14  0:18  Supply Depot  
  14  0:26  SCV  
  15  0:29  Refinery  
  15  0:40  SCV  
  16  0:46  Barracks  
  16  0:52  SCV  
  17  1:04  SCV  
  17  1:08  Refinery  
  18  1:16  SCV  
  19  1:33  Reaper, Orbital Command  
  20  1:47  Factory  
  20  1:54  Supply Depot  
  20  1:58  SCV  
  21  2:12  Barracks Reactor  
  21  2:15  SCV  
  22  2:28  SCV  
  22  2:29  Command Center  
  23  2:40  SCV  
  24  2:52  SCV  
  25  3:03  Supply Depot  
Tags
 
Add a new tag
Caveats
  • Supply blocks, unpowered buildings, or Contaminate may cause inaccurate times.
  • Supply counts are checked every 10 seconds.